 Dungeon Crawl Stone Soup version 0.22.1-1-ga44c0e56f4 (webtiles) character file.

2349 Freyura the Shield-Bearer (level 9, 0/74 HPs)
             Began as a Gnoll Fighter on Sept 26, 2018.
             Was a Follower of Ashenzari.
             Slain by an orc warrior
             ... wielding a +0 halberd
              (4 damage)
             ... on level 8 of the Dungeon.
             The game lasted 00:21:08 (6516 turns).

Freyura the Shield-Bearer (Gnoll Fighter)           Turns: 6516, Time: 00:21:09

Health: 0/74       AC: 11    Str: 19    XL:     9   Next: 43%
Magic:  15/15      EV: 12    Int: 11    God:    Ashenzari [*.....]
Gold:   431        SH:  0    Dex: 17    Spells: 16/16 levels left

rFire    . . .     SeeInvis .   w - +3 dire flail (curse)
rCold    + . .     Gourm    .   (shield currently unavailable)
rNeg     . . .     Faith    .   b - +0 scale mail
rPois    .         Spirit   .   (no helmet)
rElec    .         Reflect  .   (no cloak)
rCorr    .         Harm     .   h - +2 pair of gloves
MR       .....                  (no boots)
Stlth    +.........             (no amulet)
HPRegen  0.22/turn              s - ring of protection from cold
MPRegen  0.14/turn              i - +2 ring of slaying

@: no status effects
A: distributed training, fangs 1, strong nose
a: Curse Item, Scrying, Renounce Religion


You were on level 8 of the Dungeon.
You worshipped Ashenzari.
Ashenzari was aware of your devotion.
You were not hungry.

You visited 2 branches of the dungeon, and saw 9 of its levels.

You collected 431 gold pieces.

Inventory:

Hand Weapons
 a - a +0 flail
 g - a +1 whip of draining
 w - a cursed +3 dire flail (weapon)
Armour
 b - a +0 scale mail (worn)
 c - a +1 shield
 h - a +2 pair of gloves (worn)
Jewellery
 i - a +2 ring of slaying (right hand)
 n - an uncursed amulet of magic regeneration
 s - a ring of protection from cold (left hand)
 E - a +6 ring of intelligence
Wands
 q - a wand of enslavement (10)
 y - a wand of random effects (26)
Scrolls
 k - 7 scrolls of identify
 m - 3 scrolls of remove curse
 o - 4 scrolls of teleportation
 u - 3 scrolls of fog
 C - a scroll of amnesia
Potions
 d - 2 potions of might
 e - a potion of ambrosia
 j - a potion of resistance
 l - a potion of agility
 p - 2 potions of brilliance
 r - a potion of cancellation
 x - a potion of lignification
 z - a potion of mutation {unknown}
 A - a potion of degeneration {unknown}
 B - a potion of heal wounds {unknown}
 D - 2 potions of curing {unknown}
Comestibles
 f - 5 rations


   Skills:
 + Level 7.8 Fighting
 + Level 4.1 Short Blades
 + Level 4.1 Long Blades
 + Level 4.1 Axes
 + Level 6.2 Maces & Flails
 + Level 4.1 Polearms
 + Level 4.1 Staves
 + Level 4.1 Slings
 + Level 4.1 Bows
 + Level 4.1 Crossbows
 + Level 4.1 Throwing
 + Level 7.8 Armour
 + Level 4.1 Dodging
 + Level 4.1 Stealth
 + Level 7.8 Shields
 + Level 4.1 Unarmed Combat
 + Level 4.1 Spellcasting
 + Level 3.4 Conjurations
 + Level 3.4 Hexes
 + Level 3.4 Charms
 + Level 3.4 Summonings
 + Level 3.4 Necromancy
 + Level 3.4 Translocations
 + Level 3.4 Transmutations
 + Level 3.4 Fire Magic
 + Level 3.4 Ice Magic
 + Level 3.4 Air Magic
 + Level 3.4 Earth Magic
 + Level 3.4 Poison Magic
 + Level 4.6 Invocations
 + Level 4.1 Evocations


You had 16 spell levels left.
You didn't know any spells.
Your spell library contained the following spells:

 Spells                   Type           Power        Failure   Level  Hunger
 Magic Dart               Conj           #...         16%         1    #......
 Sting                    Conj/Pois      #...         16%         1    #......
 Passwall                 Tmut/Erth      #.......     22%         2    ##.....
 Searing Ray              Conj           #.....       22%         2    ##.....
 Swiftness                Chrm/Air       #.......     22%         2    ##.....
 Throw Frost              Conj/Ice       #.....       22%         2    ##.....
 Dazzling Spray           Conj/Hex       #.....       41%         3    ###....
 Static Discharge         Conj/Air       #.......     41%         3    ###....
 Force Lance              Conj/Tloc      #.......     83%         4    #####..
 Fulminant Prism          Conj/Hex       #.........   83%         4    #####..
 Iskenderun's Mystic Bla  Conj           #.......     83%         4    #####..
 Passage of Golubria      Tloc           N/A          83%         4    #####..
 Lee's Rapid Deconstruct  Erth           #.........   99%         5    ######.
 Conjure Ball Lightning   Conj/Air       #.........   100%        6    #######
 Darkness                 Hex            #.........   100%        6    #######
 Invisibility             Hex            #.......     100%        6    #######


Dungeon Overview and Level Annotations

Branches:
Dungeon (8/15)             Temple (1/1) D:4
   Lair: D:8-11

Altars:
Ashenzari
Cheibriados
Dithmenos
Elyvilon
Fedhas
Gozag
Kikubaaqudgha
Makhleb
Nemelex Xobeh
Okawaru
Qazlal
Sif Muna
Trog
Uskayaw
Vehumet
Wu Jian
Yredelemnul
Zin
The Shining One

Shops:
D:6 [


Innate Abilities, Weirdness & Mutations

Your experience applies equally to all skills.
You have very sharp teeth.
Your uncanny sense of smell can sniff out nearby items.


Message History

The orc warrior is moderately wounded.
The scorpion barely misses you.
You thump the orc warrior! You bite the orc warrior.
The orc warrior is severely wounded.
The orc warrior hits you with a halberd!!
* * * LOW HITPOINT WARNING * * *
The scorpion stings you but does no damage.
You closely miss the orc warrior.
You bite the orc warrior, but do no damage.
The orc warrior is severely wounded.
The orc warrior barely misses you.
The scorpion stings you but does no damage.
You hit the orc warrior. Your bite misses the orc warrior.
The orc warrior is almost dead.
The orc warrior closely misses you.
You hit the orc warrior but do no damage.
The orc warrior is almost dead.
The scorpion barely misses you.
The orc warrior hits you with a halberd.
You die...

..... #..... ##
...[..
#.###......
#...)......
#####..........
...............
.......@s......
###.#.o.)..(...
.............
≈≈≈≈≈≈≈≈≈≈≈≈#..
###..#######≈..
+.. .. #. . #.


You could see an orc warrior and a scorpion.

Vanquished Creatures
  Prince Ribbit (D:5)
  Eustachio (D:6)
  A hungry ghost (D:6)
  A sky beast (D:7)
  2 phantoms
  An ogre (D:8)
  A centaur (D:5)
  2 bullfrogs
  A scorpion (D:4)
  4 wights (D:6)
  5 hounds
  A bullfrog skeleton (D:6)
  A gnoll shaman (D:7)
  6 orc priests
  4 jellies
  8 orc wizards
  2 iguanas
  3 worker ants
  3 hound skeletons (D:6)
  3 gnolls
  8 adders
  3 shadow imps
  2 oozes
  An adder skeleton (D:4)
  3 worms
  4 dart slugs
  2 leopard geckos
  28 orcs
  3 giant cockroaches
  8 goblins
  7 hobgoblins
  2 jackals (D:1)
  4 kobolds
  A quokka (D:5)
  3 ball pythons
  2 bats
  8 frilled lizards
  A giant cockroach zombie (D:6)
  A jackal skeleton (D:4)
  5 rats
147 creatures vanquished.

Notes
Turn   | Place    | Note
-------+----------+-------------------------------------------
     0 | D:1      | Freyura the Gnoll Fighter began the quest for the Orb.
     0 | D:1      | Reached XP level 1. HP: 23/23 MP: 1/1
    55 | D:1      | Reached XP level 2. HP: 28/29 MP: 2/2
   199 | D:1      | Reached XP level 3. HP: 35/35 MP: 3/3
   625 | D:2      | Reached skill level 1 in Invocations
   711 | D:2      | Found a snail-covered altar of Cheibriados.
   771 | D:2      | Reached skill level 1 in Short Blades
   771 | D:2      | Reached skill level 1 in Long Blades
   771 | D:2      | Reached skill level 1 in Axes
   771 | D:2      | Reached skill level 1 in Polearms
   771 | D:2      | Reached skill level 1 in Staves
   771 | D:2      | Reached skill level 1 in Slings
   771 | D:2      | Reached skill level 1 in Bows
   771 | D:2      | Reached skill level 1 in Crossbows
   771 | D:2      | Reached skill level 1 in Throwing
   771 | D:2      | Reached skill level 1 in Dodging
   771 | D:2      | Reached skill level 1 in Stealth
   771 | D:2      | Reached skill level 1 in Unarmed Combat
   771 | D:2      | Reached skill level 1 in Spellcasting
   771 | D:2      | Reached skill level 1 in Evocations
   771 | D:2      | Reached XP level 4. HP: 41/41 MP: 5/5
  1075 | D:3      | Found a faded altar of an unknown god.
  1112 | D:3      | Reached skill level 1 in Conjurations
  1112 | D:3      | Reached skill level 1 in Hexes
  1112 | D:3      | Reached skill level 1 in Charms
  1112 | D:3      | Reached skill level 1 in Summonings
  1112 | D:3      | Reached skill level 1 in Necromancy
  1112 | D:3      | Reached skill level 1 in Translocations
  1112 | D:3      | Reached skill level 1 in Transmutations
  1112 | D:3      | Reached skill level 1 in Fire Magic
  1112 | D:3      | Reached skill level 1 in Ice Magic
  1112 | D:3      | Reached skill level 1 in Air Magic
  1112 | D:3      | Reached skill level 1 in Earth Magic
  1112 | D:3      | Reached skill level 1 in Poison Magic
  1261 | D:3      | Reached XP level 5. HP: 45/47 MP: 6/6
  1279 | D:3      | Found a shadowy altar of Dithmenos.
  1755 | D:4      | Reached XP level 6. HP: 53/53 MP: 8/8
  2227 | D:4      | Found a staircase to the Ecumenical Temple.
  2236 | Temple   | Entered the Ecumenical Temple
  2531 | D:5      | Entered Level 5 of the Dungeon
  2829 | D:5      | Noticed Prince Ribbit
  2849 | D:5      | Reached skill level 5 in Maces & Flails
  2871 | D:5      | Killed Prince Ribbit
  2871 | D:5      | Reached XP level 7. HP: 25/60 MP: 10/10
  3517 | D:5      | Reached XP level 8. HP: 61/67 MP: 12/12
  3760 | D:6      | Noticed Eustachio
  3774 | D:6      | Killed Eustachio
  3782 | D:6      | Found a stormy altar of Qazlal.
  3838 | D:6      | Found Yclaulid's Armour Emporium.
  4448 | D:6      | Found a shattered altar of Ashenzari.
  4453 | D:6      | Became a worshipper of Ashenzari the Shackled
  4726 | D:7      | HP: 3/67 [gnoll/spear (3)]
  5263 | D:7      | Reached XP level 9. HP: 48/72 MP: 14/14
  5494 | D:7      | Identified the Papyrus of Harmful Intoxication
  6246 | D:7      | Reached * piety under Ashenzari
  6513 | D:8      | HP: 3/74 [orc warrior/halberd (19)]
  6516 | D:8      | Slain by an orc warrior

Skill      XL: |  1  2  3  4  5  6  7  8  9 |
---------------+----------------------------+-----
Invocations    | 1 2 3 4 |  4.6
Short Blades   | 1 2 3 4 |  4.1
Long Blades    | 1 2 3 4 |  4.1
Axes           | 1 2 3 4 |  4.1
Polearms       | 1 2 3 4 |  4.1
Staves         | 1 2 3 4 |  4.1
Slings         | 1 2 3 4 |  4.1
Bows           | 1 2 3 4 |  4.1
Crossbows      | 1 2 3 4 |  4.1
Throwing       | 1 2 3 4 |  4.1
Dodging        | 1 2 3 4 |  4.1
Stealth        | 1 2 3 4 |  4.1
Unarmed Combat | 1 2 3 4 |  4.1
Spellcasting   | 1 2 3 4 |  4.1
Evocations     | 1 2 3 4 |  4.1
Conjurations   | 1 2 3 |  3.4
Hexes          | 1 2 3 |  3.4
Charms         | 1 2 3 |  3.4
Summonings     | 1 2 3 |  3.4
Necromancy     | 1 2 3 |  3.4
Translocations | 1 2 3 |  3.4
Transmutations | 1 2 3 |  3.4
Fire Magic     | 1 2 3 |  3.4
Ice Magic      | 1 2 3 |  3.4
Air Magic      | 1 2 3 |  3.4
Earth Magic    | 1 2 3 |  3.4
Poison Magic   | 1 2 3 |  3.4
Maces & Flails | 5 6 |  6.2
Fighting       | 7 |  7.8
Armour         | 7 |  7.8
Shields        | 7 |  7.8

Action                   |  1- 3 |  4- 6 |  7- 9 || total
-------------------------+-------+-------+-------++-------
Melee: Flail             |    10 |       |       ||    10
       Bite              |     4 |    17 |    40 ||    61
       Whip              |    51 |   122 |   155 ||   328
       Dire flail        |       |       |   144 ||   144
Invok: Curse Item        |       |       |     1 ||     1
  Use: Scroll            |     2 |     8 |    10 ||    20
  Eat: Ration            |       |     2 |     6 ||     8
Armor: Scale mail        |    12 |    28 |   161 ||   201
Dodge: Dodged            |    20 |    21 |   236 ||   277
Block: Shield            |    34 |    51 |    92 ||   177
